[ AOE2 MATCH · #507212905 ]
UnrankedFranks vs Koreans
Player's team · LOSS
Rival team · WIN
[ REPLAY ANALYSIS · EXTRACTED FROM THE RECORDED GAME ]
Feudal
8:52
Castle
20:14
Imperial
—
| APM avg | 90.7 |
| APM peak | 144 |
| eAPM avg | 46.3 |
| Villagers / military | 146 / 58 |
Focus
⚔️ 72.4% · 🌾 27.6%
Knight ×26 · Scout Cavalry ×12 · Archer ×10 · Scorpion ×7 · Mangonel ×2 · Skirmisher ×1
Feudal
11:19
Castle
22:03
Imperial
37:32
| APM avg | 66.7 |
| APM peak | 123 |
| eAPM avg | 30.0 |
| Villagers / military | 166 / 123 |
Focus
⚔️ 32.2% · 🌾 67.8%
Fire Lancer ×79 · Archer ×21 · Spearman ×8 · Monk ×5 · War Wagon ×5 · Militia ×4
Match map
Initial resources + every placement click. Lines = walls · curves = elevation contours. ◆ gold · ⬟ stone · ● berries · ✦ relic · ◌ wall gap
Your base· Open — unwalled flank
dlms9's base· ✓ Closed at 22:03 · 25t walls · 1 gate(s)
Smoothed initial terrain · ◌ = detected wall gap · hover for details
Inputs per minute
— stockfish - - dlms9
Build order — stockfish
First 150 of 330 actions detected
| 0:02 | Create | Villager (Male) |
| 0:02 | Create | Villager (Male) |
| 0:02 | Create | Villager (Male) |
| 0:04 | Build | House |
| 0:05 | Build | House |
| 0:08 | Create | Villager (Male) |
| 0:08 | Create | Villager (Male) |
| 1:28 | Create | Villager (Male) |
| 1:49 | Build | Lumber Camp |
| 2:07 | Create | Villager (Male) |
| 2:15 | Create | Villager (Male) |
| 2:53 | Create | Villager (Male) |
| 3:17 | Create | Villager (Male) |
| 3:44 | Create | Villager (Male) |
| 3:50 | Build | House |
| 3:55 | Create | Villager (Male) |
| 4:18 | Create | Villager (Male) |
| 4:29 | Create | Villager (Male) |
| 4:35 | Build | Mill |
| 5:08 | Create | Villager (Male) |
| 5:16 | Create | Villager (Male) |
| 6:02 | Create | Villager (Male) |
| 6:13 | Research | Loom |
| 6:42 | Research | Feudal Age |
| 6:48 | Build | Palisade Wall |
| 6:59 | Build | Palisade Wall |
| 7:20 | Build | Barracks |
| 7:41 | Build | Palisade Wall |
| 8:07 | Create | Villager (Male) |
| 8:29 | Build | House |
| 8:52 | Age | Feudal Age |
| 8:54 | Create | Villager (Male) |
| 8:59 | Build | Stable |
| 9:09 | Create | Villager (Male) |
| 9:29 | Build | Farm |
| 9:33 | Create | Villager (Male) |
| 9:47 | Create | Scout Cavalry |
| 9:47 | Create | Scout Cavalry |
| 10:03 | Build | Farm |
| 10:17 | Create | Villager (Male) |
| 10:17 | Create | Scout Cavalry |
| 10:23 | Build | Farm |
| 10:43 | Build | House |
| 10:45 | Create | Villager (Male) |
| 10:59 | Build | Farm |
| 11:01 | Create | Villager (Male) |
| 11:10 | Create | Villager (Male) |
| 11:13 | Build | Palisade Wall |
| 11:15 | Create | Villager (Male) |
| 11:36 | Create | Villager (Male) |
| 11:38 | Build | Farm |
| 11:40 | Build | Farm |
| 11:42 | Create | Scout Cavalry |
| 11:46 | Create | Scout Cavalry |
| 12:00 | Build | House |
| 12:05 | Build | Farm |
| 12:12 | Create | Villager (Male) |
| 12:30 | Build | Farm |
| 12:32 | Create | Villager (Male) |
| 12:49 | Build | Farm |
| 12:50 | Create | Villager (Male) |
| 13:17 | Build | Mining Camp |
| 13:24 | Create | Villager (Male) |
| 13:26 | Create | Scout Cavalry |
| 13:56 | Create | Villager (Male) |
| 14:03 | Build | Blacksmith |
| 14:07 | Create | Villager (Male) |
| 14:17 | Build | Archery Range |
| 14:20 | Create | Villager (Male) |
| 14:23 | Create | Scout Cavalry |
| 14:33 | Build | House |
| 14:38 | Build | Farm |
| 14:41 | Build | Farm |
| 14:49 | Build | House |
| 14:58 | Create | Villager (Male) |
| 15:04 | Build | Watch Tower |
| 15:06 | Create | Villager (Male) |
| 15:12 | Create | Skirmisher |
| 15:15 | Create | Archer |
| 15:22 | Create | Villager (Male) |
| 15:34 | Build | Farm |
| 15:43 | Create | Archer |
| 15:45 | Create | Villager (Male) |
| 16:16 | Create | Villager (Male) |
| 16:19 | Build | Farm |
| 16:20 | Build | Farm |
| 16:38 | Build | House |
| 16:39 | Build | House |
| 16:46 | Create | Archer |
| 17:07 | Build | House |
| 17:11 | Create | Villager (Male) |
| 17:14 | Build | Farm |
| 17:21 | Create | Archer |
| 17:34 | Research | Castle Age |
| 17:42 | Build | Blacksmith |
| 17:50 | Create | Archer |
| 18:24 | Research | Scale Barding Armor |
| 18:26 | Create | Archer |
| 18:32 | Create | Scout Cavalry |
| 18:43 | Build | Farm |
| 18:57 | Create | Archer |
| 19:10 | Research | Fletching |
| 19:15 | Create | Scout Cavalry |
| 19:17 | Create | Archer |
| 19:29 | Create | Archer |
| 19:54 | Build | Stable |
| 19:59 | Create | Archer |
| 20:14 | Age | Castle Age |
| 20:17 | Create | Knight |
| 20:18 | Create | Knight |
| 20:19 | Create | Villager (Male) |
| 20:30 | Create | Villager (Male) |
| 20:31 | Create | Knight |
| 20:34 | Research | Double-Bit Axe |
| 20:46 | Create | Knight |
| 20:54 | Create | Knight |
| 21:06 | Create | Knight |
| 21:09 | Create | Villager (Male) |
| 21:12 | Build | Farm |
| 21:19 | Create | Knight |
| 21:21 | Create | Villager (Male) |
| 21:27 | Research | Bow Saw |
| 21:42 | Create | Villager (Male) |
| 21:57 | Create | Villager (Male) |
| 22:02 | Build | Siege Workshop |
| 22:09 | Create | Knight |
| 22:09 | Create | Knight |
| 22:20 | Build | Farm |
| 22:23 | Create | Villager (Male) |
| 22:28 | Build | House |
| 22:33 | Research | Town Watch |
| 22:55 | Create | Villager (Male) |
| 22:56 | Build | Farm |
| 23:01 | Create | Villager (Male) |
| 23:16 | Create | Scorpion |
| 23:18 | Create | Knight |
| 23:19 | Create | Knight |
| 23:34 | Create | Scorpion |
| 23:35 | Create | Villager (Male) |
| 23:36 | Create | Villager (Male) |
| 23:43 | Research | Chain Barding Armor |
| 23:54 | Build | House |
| 23:55 | Build | House |
| 23:56 | Create | Villager (Male) |
| 24:17 | Create | Knight |
| 24:19 | Create | Scorpion |
| 24:38 | Create | Knight |
| 24:43 | Create | Scorpion |
| 24:45 | Create | Villager (Male) |
| 24:45 | Create | Villager (Male) |
Build order — dlms9
First 150 of 310 actions detected
| 0:00 | Create | Villager (Male) |
| 0:00 | Create | Villager (Male) |
| 0:01 | Build | House |
| 0:02 | Build | House |
| 0:16 | Create | Villager (Male) |
| 0:17 | Create | Villager (Male) |
| 1:28 | Create | Villager (Male) |
| 1:28 | Create | Villager (Male) |
| 1:53 | Build | Lumber Camp |
| 2:04 | Create | Villager (Male) |
| 2:25 | Create | Villager (Male) |
| 2:25 | Create | Villager (Male) |
| 2:58 | Create | Villager (Male) |
| 2:58 | Create | Villager (Male) |
| 3:08 | Create | Villager (Male) |
| 3:33 | Create | Villager (Male) |
| 3:34 | Create | Villager (Male) |
| 4:03 | Build | House |
| 4:10 | Create | Villager (Male) |
| 4:33 | Create | Villager (Male) |
| 4:39 | Build | Barracks |
| 4:59 | Create | Villager (Male) |
| 5:00 | Create | Villager (Male) |
| 5:11 | Build | House |
| 5:25 | Create | Villager (Male) |
| 5:31 | Create | Militia |
| 5:31 | Create | Militia |
| 5:44 | Create | Villager (Male) |
| 5:53 | Build | House |
| 6:07 | Create | Militia |
| 6:08 | Create | Militia |
| 6:36 | Build | House |
| 6:39 | Create | Villager (Male) |
| 6:39 | Create | Villager (Male) |
| 6:45 | Build | Mining Camp |
| 6:51 | Create | Villager (Male) |
| 7:22 | Create | Villager (Male) |
| 7:43 | Build | Mill |
| 7:45 | Create | Villager (Male) |
| 8:10 | Create | Villager (Male) |
| 8:17 | Research | Loom |
| 9:04 | Research | Feudal Age |
| 9:31 | Build | Lumber Camp |
| 9:44 | Build | Palisade Wall |
| 9:45 | Build | Palisade Wall |
| 9:48 | Build | Palisade Wall |
| 9:55 | Create | Villager (Male) |
| 9:58 | Build | Palisade Wall |
| 10:12 | Create | Villager (Male) |
| 10:29 | Build | House |
| 10:30 | Build | Palisade Wall |
| 10:50 | Build | Palisade Wall |
| 10:50 | Build | Palisade Wall |
| 10:51 | Build | Palisade Wall |
| 11:19 | Age | Feudal Age |
| 11:25 | Create | Villager (Male) |
| 11:27 | Build | Archery Range |
| 11:31 | Research | Double-Bit Axe |
| 11:32 | Research | Double-Bit Axe |
| 11:32 | Research | Horse Collar |
| 11:32 | Research | Horse Collar |
| 11:41 | Build | Palisade Gate |
| 11:43 | Create | Villager (Male) |
| 11:52 | Build | Farm |
| 12:07 | Create | Villager (Male) |
| 12:12 | Build | Farm |
| 12:12 | Create | Archer |
| 12:12 | Create | Archer |
| 12:18 | Create | Spearman |
| 12:36 | Build | Farm |
| 12:42 | Create | Villager (Male) |
| 12:44 | Build | Farm |
| 13:06 | Build | Farm |
| 13:10 | Create | Archer |
| 13:11 | Create | Villager (Male) |
| 13:23 | Create | Spearman |
| 13:28 | Create | Archer |
| 13:32 | Create | Villager (Male) |
| 13:32 | Create | Villager (Male) |
| 13:35 | Build | Farm |
| 13:40 | Create | Spearman |
| 13:54 | Create | Spearman |
| 13:59 | Create | Villager (Male) |
| 14:01 | Build | Farm |
| 14:02 | Create | Archer |
| 14:02 | Create | Archer |
| 14:17 | Create | Villager (Male) |
| 14:27 | Create | Villager (Male) |
| 14:33 | Build | Blacksmith |
| 14:35 | Create | Archer |
| 14:40 | Create | Villager (Male) |
| 14:46 | Build | House |
| 14:58 | Create | Archer |
| 14:59 | Create | Archer |
| 15:05 | Build | House |
| 15:15 | Create | Villager (Male) |
| 15:19 | Build | Farm |
| 15:25 | Create | Villager (Male) |
| 15:27 | Build | Farm |
| 15:32 | Research | Fletching |
| 15:33 | Research | Fletching |
| 15:36 | Build | House |
| 15:46 | Build | Farm |
| 16:05 | Create | Villager (Male) |
| 16:13 | Create | Villager (Male) |
| 16:16 | Build | Farm |
| 16:18 | Build | Farm |
| 16:34 | Create | Villager (Male) |
| 16:40 | Build | Farm |
| 16:42 | Build | Farm |
| 17:27 | Build | Archery Range |
| 17:30 | Build | Farm |
| 17:31 | Build | Farm |
| 17:32 | Build | Farm |
| 17:44 | Create | Villager (Male) |
| 17:47 | Create | Archer |
| 17:47 | Create | Archer |
| 17:56 | Build | Farm |
| 18:02 | Create | Villager (Male) |
| 18:26 | Create | Archer |
| 18:26 | Create | Archer |
| 18:34 | Create | Archer ×4 |
| 18:34 | Create | Villager (Male) |
| 18:37 | Build | Farm |
| 19:23 | Research | Castle Age |
| 19:28 | Create | Spearman |
| 19:28 | Create | Spearman |
| 19:36 | Build | House |
| 19:52 | Create | Archer ×2 |
| 19:54 | Research | Gold Mining |
| 20:12 | Build | House |
| 20:13 | Build | House |
| 20:22 | Research | Scale Mail Armor |
| 20:41 | Create | Archer |
| 20:42 | Create | Archer |
| 20:57 | Research | Forging |
| 21:11 | Build | House |
| 21:15 | Create | Villager (Male) |
| 21:22 | Create | Villager (Male) |
| 21:25 | Build | Barracks |
| 21:59 | Create | Villager (Male) |
| 22:03 | Age | Castle Age |
| 22:05 | Research | Crossbowman (upgrade) |
| 22:08 | Research | Bodkin Arrow |
| 22:13 | Build | Town Center |
| 22:20 | Build | Monastery |
| 22:21 | Create | Fire Lancer ×5 |
| 22:24 | Create | Villager (Male) |
| 22:37 | Research | Bow Saw |
| 22:37 | Research | Bow Saw |
Match timeline
| 4:39 | dlms9 · first_building Barracks |
| 6:48 | stockfish · wall_segment Palisade Wall x5 |
| 6:59 | stockfish · wall_segment Palisade Wall x1 |
| 7:20 | stockfish · first_building Barracks |
| 7:41 | stockfish · wall_segment Palisade Wall x4 |
| 8:52 | stockfish · age_up feudal |
| 8:59 | stockfish · first_building Stable |
| 9:44 | dlms9 · wall_segment Palisade Wall x6 |
| 9:45 | dlms9 · wall_segment Palisade Wall x6 |
| 9:48 | dlms9 · wall_segment Palisade Wall x1 |
| 9:58 | dlms9 · wall_segment Palisade Wall x9 |
| 10:30 | dlms9 · wall_segment Palisade Wall x1 |
| 10:50 | dlms9 · wall_segment Palisade Wall x1 |
| 10:50 | dlms9 · wall_segment Palisade Wall x1 |
| 10:51 | dlms9 · wall_segment Palisade Wall x1 |
| 11:13 | stockfish · wall_segment Palisade Wall x5 |
| 11:19 | dlms9 · age_up feudal |
| 11:27 | dlms9 · first_building Archery Range |
| 14:17 | stockfish · first_building Archery Range |
| 20:14 | stockfish · age_up castle |
| 22:02 | stockfish · first_building Siege Workshop |
| 22:03 | dlms9 · age_up castle |
| 22:20 | dlms9 · first_building Monastery |
| 27:12 | dlms9 · first_building Siege Workshop |
| 30:15 | dlms9 · first_building Castle |
| 34:45 | stockfish · first_building Castle |
| 36:18 | dlms9 · first_market_sell 100 food |
| 36:24 | dlms9 · wall_segment Palisade Wall x1 |
| 36:29 | dlms9 · wall_segment Palisade Wall x1 |
| 36:56 | dlms9 · first_market_buy 100 stone |
| 37:32 | dlms9 · age_up imperial |
| 37:36 | stockfish · resign |
[ AI ANALYSIS · 1 CREDIT ]
What really happened in this match?
Wolo.gg analyzes every decision: build order, eco, micro, common mistakes by bracket. Personalized analysis on WhatsApp or Discord in 30 seconds.
Civ guide
Franks
Perfil
Jugador #24613498